 Dungeon Crawl Stone Soup version 0.28.0-53-g5a82cb258f (webtiles) character file.

Game seed: 5706864487478001128

264 PentaManta the Changer (level 6, 38/38 HPs)
             Began as an Octopode Transmuter on June 6, 2022.
             Quit the game on level 4 of the Dungeon on June 8, 2022.
             The game lasted 00:09:25 (4567 turns).

PentaManta the Changer (Octopode Transmuter)        Turns: 4567, Time: 00:09:26

Health: 38/38      AC:  1    Str:  9    XL:     6   Next: 19%
Magic:  9/9        EV: 13    Int: 17    God:
Gold:   144        SH:  0    Dex: 13    Spells: 3/9 levels left

rFire   . . .      SeeInvis .     - Unarmed
rCold   . . .      Faith    .   (no shield)
rNeg    . . .      Spirit   .   (helmet currently unavailable)
rPois   .          Reflect  .   (no amulet)
rElec   .          Harm     .   (no ring)
rCorr   .          Rampage  .   (no ring)
Will    .....                   (no ring)
Stlth   ++........              (no ring)
HPRegen 0.12/turn               (no ring)
MPRegen 0.11/turn               (no ring)
                                (no ring)
                                (no ring)

@: appendages
A: tentacle spike 3, almost no armour, amphibious, 8 rings, camouflage 1,
gelatinous body 1, (nimble swimmer 1), tentacles
a: End Transformation


You were on level 4 of the Dungeon.
One of your tentacles had grown a beastly spike.
You visited 1 branch of the dungeon, and saw 4 of its levels.

You collected 144 gold pieces.

Inventory:

Scrolls
 d - 2 scrolls of identify {unknown}
 e - a scroll of teleportation {unknown}
 g - a scroll of vulnerability {unknown}
 h - a scroll of fear {unknown}
 i - a scroll of amnesia {unknown}
 k - a scroll of noise {unknown}
 l - a scroll of summoning {unknown}
Potions
 a - 2 potions of flight {unknown}
 b - a potion of lignification {unknown}
 c - a potion of might {unknown}
 f - 2 potions of curing {unknown}
 j - a potion of heal wounds {unknown}


   Skills:
 - Level 1.4 Fighting
 - Level 2.2 Dodging
 - Level 3.2 Unarmed Combat
 - Level 2.2 Spellcasting
 + Level 5.9 Transmutations


You had 3 spell levels left.
You knew the following spells:

 Your Spells              Type           Power      Damage    Failure   Level
a - Beastly Appendage     Tmut           42%        N/A       1%          1
b - Spider Form           Tmut/Pois      11%        N/A       17%         3
c - Wereblood             Tmut           21%        N/A       2%          2

Your spell library contained the following spells:

 Spells                   Type           Power      Damage    Failure   Level
 Ice Form                 Ice/Tmut       11%        N/A       50%         4


Dungeon Overview and Level Annotations

Branches:
Dungeon (4/15)
 Temple: D:4-7

Altars:
Kikubaaqudgha
Ru

Shops:
D:1 [:

Annotations:
D:4 Eustachio


Innate Abilities, Weirdness & Mutations

One of your tentacles has grown a beastly spike.
You cannot wear most types of armour.
You are amphibious.
You can wear up to eight rings at the same time.
Your skin changes colour to match your surroundings (Stealth+).
Your rubbery body absorbs attacks. (AC +1, EV +1)
((You are camouflaged when in or above water. (Stealth+)))
You have tentacles for arms and can constrict up to eight enemies at once.


Message History

You turn into a venomous arachnid creature.
You hit the ogre.
The ogre is poisoned.
The ogre is lightly wounded.
The ogre closely misses you.
You hit the ogre.
The ogre looks as sick as possible!
The ogre is lightly wounded.
The ogre closely misses you.
You hit the ogre.
The ogre is moderately wounded.
You hit the ogre.
The ogre is heavily wounded.
The ogre closely misses you.
You hit the ogre but do no damage.
The ogre looks as sick as possible!
The ogre is severely wounded.
The ogre hits you with a +0 giant club!
Your magical contamination has completely faded away.
You kill the ogre!
You have reached level 6!
Your transformation is almost over.
Your transformation has ended.
Things that are here:
a +0 giant club; an ogre corpse An adder comes into view.
The adder moves out of view.
Found a ring mail.
You see here a +0 ring mail.
Eustachio the Magnificent comes into view.
He is wielding a +3 rapier.
One of your tentacles grows a vicious spike.
Save game and exit?
Level annotation: Eustachio Welcome back, PentaManta the Octopode Transmuter.
Press ? for a list of commands and other information.
Level annotation: Eustachio Welcome back, PentaManta the Octopode Transmuter.
Press ? for a list of commands and other information.
Save game and exit?
Level annotation: Eustachio Welcome back, PentaManta the Octopode Transmuter.
Press ? for a list of commands and other information.
Are you sure you want to abandon this character and quit the game? (Confirm with "yes".)

#### ### ####..#
##### #.##
##.....####[..#
...#
#............##
#..#
#####........#####
##.#
#####......@######
#.###.......#####
##...)....####
#..##.....###
..#####.....###
.## ###.....###
.## ####....###
..# #####....###
..# #....##....#


There were no monsters in sight!

Vanquished Creatures
  An ogre (D:4)
  A howler monkey (D:3)
  3 gnolls
  5 adders
  3 dart slugs
  5 ball pythons
  6 bats
  6 endoplasms
  4 giant cockroaches
  4 goblins
  6 hobgoblins
  3 jackals (D:1)
  2 quokkas
  6 frilled lizards
  3 kobolds
  7 rats
65 creatures vanquished.

Notes
Turn   | Place    | Note
-------+----------+-------------------------------------------
     0 | D:1      | PentaManta the Octopode Transmuter began the quest for the
                  | Orb.
     0 | D:1      | Reached XP level 1. HP: 13/13 MP: 3/3
   438 | D:1      | Reached XP level 2. HP: 18/18 MP: 3/5
   613 | D:1      | Found Focumeuw's Armour Emporium.
   700 | D:1      | Found Mydera's Book Boutique.
  1063 | D:1      | Reached XP level 3. HP: 23/23 MP: 4/6
  1541 | D:2      | Reached skill level 3 in Transmutations
  2060 | D:2      | Reached XP level 4. HP: 28/28 MP: 5/7
  2545 | D:3      | Learned a level 3 spell: Spider Form
  2548 | D:3      | Learned a level 2 spell: Wereblood
  2563 | D:3      | Reached skill level 4 in Transmutations
  2572 | D:3      | Reached XP level 5. HP: 17/33 MP: 4/8
  3054 | D:3      | Identified the +7 chain mail "Weshrihis" {Dex+5 Stlth-}
  3254 | D:3      | Found an ancient bone altar of Kikubaaqudgha.
  3257 | D:3      | Found a sacrificial altar of Ru.
  3321 | D:3      | Reached skill level 5 in Transmutations
  4340 | D:4      | Noticed an ogre
  4362 | D:4      | Killed an ogre
  4363 | D:4      | Reached XP level 6. HP: 21/38 MP: 1/9
  4550 | D:4      | Noticed Eustachio
  4567 | D:4      | Quit the game

Illustrated notes

Levels and vault maps discovered:
D:1:      saegor_arrival_simple_e, layout_loops_ring, serial_shops,
          nicolae_shop_crystal, nicolae_shop_behind_doors
D:2:      layout_basic
D:3:      minmay_general_purpose_star, layout_loops_cross,
          grunt_temple_overflow_open, hangedman_abyss_or_decor_stabs
D:4:      layout_cave_pods, uniq_eustachio

Skill      XL: |  1  2  3  4  5 |
---------------+----------------+-----
Transmutations | 3 4 5 |  5.9
Fighting       | |  1.4
Dodging        | |  2.2
Unarmed Combat | |  3.2
Spellcasting   | |  2.2

Action                   |  1- 3 |  4- 6 || total
-------------------------+-------+-------++-------
Melee: Unarmed           |    80 |    84 ||   164
       Constrict         |    27 |    12 ||    39
       Kick              |    28 |     6 ||    34
       Tentacles         |    17 |    10 ||    27
       Punch             |     1 |     1 ||     2
 Cast: Beastly Appendage |    32 |    14 ||    46
       Spider Form       |       |     5 ||     5
 Stab: Sleeping          |    12 |     2 ||    14
Armor: Skin              |     7 |     3 ||    10
Dodge: Dodged            |    50 |    61 ||   111
